 Dungeon Crawl Stone Soup version 0.18-a0-1800-gdc7a371 (console) character file.

124 vogonpoet the Cudgeler (level 5, -2/75 HPs)
             Began as an Ogre Arcane Marksman on Apr 24, 2016.
             Slain by an adder (5 damage)
             ... on level 2 of the Dungeon.
             The game lasted 00:12:23 (3677 turns).

vogonpoet the Cudgeler (Ogre Arcane Marksman)       Turns: 3677, Time: 00:12:27

Health: -2/75      AC:  3    Str: 21    XL:     5   Next: 8%
Magic:  6/6        EV: 10    Int: 13    God:
Gold:   163        SH:  0    Dex:  9    Spells: 1 memorised, 5 levels left

rFire  . . .     SeeInvis .     k - -1 hunting sling (curse)
rCold  . . .     Gourm    .     a - +0 robe
rNeg   . . .     Faith    .     (no shield)
rPois  .         Spirit   .     (helmet restricted)
rElec  .         Dismiss  .     (no cloak)
rCorr  .         Reflect  .     (gloves unavailable)
SustAt .         Harm     .     (boots unavailable)
MR     .....                    (no amulet)
Stlth  ..........               (no ring)
                                (no ring)

@: berserking, lethally poisoned (-2 -> -12), very quick, not resistant to
hostile enchantments, extremely unstealthy
A: unfitting armour, tough skin 1
a: no special abilities


You were on level 2 of the Dungeon.
You were not hungry.

You visited 1 branch of the dungeon, and saw 3 of its levels.

You collected 163 gold pieces.

Inventory:

Hand Weapons
 c - a +0 vampiric dagger
 i - a +0 club
 k - a cursed -1 hunting sling (weapon)
 l - a +0 whip
 m - a +0 dagger of speed
 E - a +0 flail
Missiles
 d - 2 throwing nets
 e - 108 stones
 u - 7 poisoned needles
 v - 12 sling bullets (quivered)
Armour
 a - a +0 robe (worn)
Jewellery
 g - an uncursed ring of stealth {unknown}
Wands
 h - a wand of iceblast (5/15)
Scrolls
 j - a scroll of teleportation {unknown}
 n - 2 scrolls of enchant armour {unknown}
 q - a scroll of magic mapping {unknown}
 r - a scroll of enchant weapon {unknown}
 x - a scroll of fog {unknown}
 y - a scroll of blinking {unknown}
 D - a scroll of remove curse {unknown}
Potions
 o - 2 potions of magic
 s - a potion of heal wounds {unknown}
 t - a potion of brilliance
 w - a potion of cure mutation {unknown}
 B - 2 potions of haste
 C - a potion of lignification
 F - a potion of agility {unknown}
Books
 b - a book of Debilitation

   Spells                             Type                      Level
   a - Corona                         Hexes                        1
   b - Slow                           Hexes                        2
   c - Gell's Gravitas                Hexes/Translocation          3
   d - Inner Flame                    Hexes/Fire                   3
   e - Cause Fear                     Hexes                        4
   f - Leda's Liquefaction            Hexes/Earth                  4
Comestibles
 f - 3 bread rations
 z - 3 fruits
 A - 2 meat rations


   Skills:
 + Level 2.3 Fighting
 * Level 4.0 Maces & Flails
 + Level 3.5 Throwing
 - Level 1.7 Dodging
 - Level 1.2 Spellcasting
 - Level 2.1 Hexes


You had 5 spell levels left.
You knew the following spells:

 Your Spells              Type           Power        Failure   Level  Hunger
a - Corona                Hex            #......      14%         1    ##.....


Dungeon Overview and Level Annotations

Branches:
Dungeon (3/15)

Altars:

Annotations:
D:3 vogonpoet's ghost, amateur OgAM


Innate Abilities, Weirdness & Mutations

You are too large for most types of armour.
You have tough skin (AC +1).


Message History

The sling bullet closely misses the adder.
You feel sick. The bat hits you.
* * * LOW HITPOINT WARNING * * *
The adder bites you.
* * * LOW HITPOINT WARNING * * *
You are more poisoned.
The adder poisons you! The bat hits you but does no damage.
The adder bites you.
* * * LOW HITPOINT WARNING * * *
You are more poisoned.
The adder poisons you!
Drink which item? (? for menu, Esc to quit)
It was a potion of berserk rage.
A red film seems to cover your vision as you go berserk!
You feel yourself moving faster!
You feel mighty!
* * * LOW HITPOINT WARNING * * *
You feel sick. The bat hits you.
* * * LOW HITPOINT WARNING * * *
The adder bites you.
You die...

#.# #...>.....................
##.######.#.........####........
#.........#....(....####........
#########.##...(...#...#........
##.##.......#.......##...
###.......b...#............
#.............#............
#..........####............
#.........@####.......####.
#........S..........######.
#...................# #....
#.................#####....
#..........................
#....(####.................
#.....# #.................
#..(..## #.................
###....###.................


You could see an adder and a bat.

Vanquished Creatures
  An orc wizard (D:2)
  Ijyb (D:3)
  2 dart slugs
  2 giant geckos
  2 orcs
  3 giant cockroaches
  10 goblins
  6 hobgoblins
  10 jackals
  A quokka (D:3)
  A ball python (D:1)
  5 bats
  A giant newt (D:1)
  6 kobolds
  9 rats
60 creatures vanquished.

Notes
Turn   | Place    | Note
--------------------------------------------------------------
     0 | D:1      | vogonpoet the Ogre Arcane Marksman began the quest for the Orb.
     0 | D:1      | Reached XP level 1. HP: 19/19 MP: 2/2
   297 | D:1      | Reached XP level 2. HP: 27/27 MP: 3/3
   324 | D:1      | Reached skill level 1 in Maces & Flails
   977 | D:1      | Reached XP level 3. HP: 31/33 MP: 4/4
  1027 | D:1      | Reached skill level 2 in Maces & Flails
  2219 | D:2      | Reached skill level 3 in Maces & Flails
  2640 | D:2      | Reached XP level 4. HP: 13/42 MP: 5/5
  2872 | D:3      | Noticed Ijyb
  2883 | D:3      | Killed Ijyb
  2994 | D:3      | Reached XP level 5. HP: 47/50 MP: 6/6
  2998 | D:3      | Reached skill level 4 in Maces & Flails
  3077 | D:3      | Noticed vogonpoet's ghost (amateur OgAM)
  3677 | D:2      | HP: 3/75 [bat (1)]
  3677 | D:2      | Slain by an adder

Vault maps used:
D:1:      dpeg_arrival_tiny_k
D:2:      roderic_roman_lattice
D:3:      gammafunk_temple_overflow_forgotten, minmay_misc_feat_rows,
          uniq_crazy_yiuf_cottage, uniq_iyjb, uniq_terence

Skill      XL: |  1  2  3  4  5 |
---------------+----------------+-----
Maces & Flails | 1 3 4 |  4.0
Throwing       | 3 |  3.5
Fighting       | 2 |  2.3
Dodging        | |  1.7
Spellcasting   | |  1.2
Hexes          | |  2.1

Action                   |  1- 3 |  4- 6 || total
-------------------------+-------+-------++-------
Melee: Unarmed           |   158 |       ||   158
 Fire: Hunting sling     |   111 |    77 ||   188
Throw: Large rock        |    21 |     3 ||    24
 Cast: Corona            |     1 |       ||     1
  Use: Scroll            |       |     5 ||     5
       Potion            |       |     2 ||     2
  Eat: Chunk             |     5 |     4 ||     9
Armor: Robe              |    94 |    27 ||   121
Dodge: Dodged            |   168 |    55 ||   223
